 Dungeon Crawl Stone Soup version 0.24-a0-769-g368c1644f8 (webtiles) character file.

Game seed: 6595864576180643337, levelgen mode: deterministic

86 Arixos the Skirmisher (level 4, -3/37 HPs)
             Began as a Formicid Abyssal Knight on Oct 4, 2019.
             Was a Follower of Lugonu.
             Slain by a gnoll
             ... wielding a +0 halberd
              (5 damage)
             ... on level 2 of the Dungeon.
             The game lasted 00:13:19 (1541 turns).

Arixos the Skirmisher (Formicid Abyssal Knight)     Turns: 1541, Time: 00:13:19

Health: -3/37      AC:  9    Str: 17    XL:     4   Next: 78%
Magic:  6/6        EV:  7    Int: 12    God:    Lugonu [*.....]
Gold:   90         SH:  3    Dex: 10    Spells: 3/3 levels left

rFire    . . .     SeeInvis +   a - +1 spear
rCold    . . .     Gourm    .   d - +0 buckler
rNeg     . . .     Faith    .   f - +0 chain mail
rPois    .         Spirit   .   (helmet unavailable)
rElec    .         Reflect  .   (no cloak)
rCorr    .         Harm     .   (no gloves)
MR       .....                  (no boots)
Stlth    ..........             (no amulet)
HPRegen  0.12/turn              (no ring)
MPRegen  0.10/turn              (no ring)

@: no status effects
A: permanent stasis, dig shafts and tunnels, four strong arms, antennae 3
a: Dig, Shaft Self, Depart the Abyss, Renounce Religion


You were on level 2 of the Dungeon.
You worshipped Lugonu.
Lugonu was aware of your devotion.
You were not hungry.

You visited 1 branch of the dungeon, and saw 2 of its levels.
You visited the Abyss 1 time.

You collected 90 gold pieces.

Inventory:

Hand Weapons
 a - a +1 spear (weapon)
Missiles
 q - 7 atropa-tipped darts (quivered)
Armour
 d - a +0 buckler (worn)
 f - a +0 chain mail (worn)
Jewellery
 r - an uncursed ring of flight {unknown}
Scrolls
 g - a scroll of amnesia {unknown}
 h - a scroll of fear {unknown}
 i - a scroll of teleportation {unknown}
 j - a scroll of random uselessness {unknown}
 k - a scroll of noise {unknown}
 l - a scroll of fog {unknown}
 m - 2 scrolls of magic mapping {unknown}
 p - 2 scrolls of identify {unknown}
Potions
 e - 3 potions of flight {unknown}
 n - a potion of brilliance {unknown}
 o - a potion of cancellation {unknown}
Comestibles
 b - 3 chunks of flesh
 c - 7 rations


   Skills:
 + Level 3.8 Fighting
 + Level 2.6 Polearms
 + Level 2.8 Armour
 + Level 1.7 Dodging
 + Level 1.2 Shields
 + Level 3.0 Invocations


You had 3 spell levels left.
You didn't know any spells.
Your spell library was empty.

Dungeon Overview and Level Annotations

Branches:
Dungeon (2/15)

Altars:
Elyvilon
Nemelex Xobeh
Xom


Innate Abilities, Weirdness & Mutations

You cannot be hasted, slowed, berserked, paralysed or teleported.
You can dig through walls and to a lower floor.
Your four strong arms can wield two-handed weapons with a shield.
You have a pair of large antennae on your head. (SInv)


Message History

* * * LOW HITPOINT WARNING * * *
You block the gnoll's attack.
You are too injured to fight recklessly!
You are too injured to fight recklessly!
You are too injured to fight recklessly!
You are too injured to fight recklessly!
You barely miss the gnoll.
The gnoll is almost dead.
The gnoll hits you from afar with a +0 halberd.
* * * LOW HITPOINT WARNING * * *
You block the gnoll's attack.
You hit the gnoll.
You kill the gnoll!
Lugonu accepts your kill.
The gnoll hits you from afar with a +0 halberd!
* * * LOW HITPOINT WARNING * * *
Things that are here:
a +0 club; a gnoll corpse The gnoll hits you from afar with a +0 halberd.
You die...

#. #.#.#.##.#####
#.#.#.#...
.#######.#.#.####
# {
.............#
######.##.###
#.##.# #.##.#
######.##.#
#.)@...##.#
#g#######.#
##.##### #.#
#..{...# #......#
#......# ##'#####
... .....


You could see a gnoll.

Vanquished Creatures
  3 adders (D:2)
  2 gnolls
  An ooze (D:2)
  A worm (D:2)
  2 dart slugs (D:1)
  An orc (D:2)
  2 bats (D:1)
  2 giant cockroaches
  6 hobgoblins
  3 frilled lizards
  4 goblins
  2 kobolds
  2 rats
31 creatures vanquished.

Notes
Turn   | Place    | Note
-------+----------+-------------------------------------------
     0 | Abyss:1  | Arixos the Formicid Abyssal Knight began the quest for the
                  | Orb.
     0 | Abyss:1  | Reached XP level 1. HP: 18/18 MP: 2/2
     3 | Abyss:1  | Noticed a brown very ugly thing
     3 | D:1      | Escaped the Abyss
    21 | D:1      | Reached skill level 1 in Dodging
   136 | D:1      | Reached XP level 2. HP: 17/24 MP: 3/3
   425 | D:1      | Reached * piety under Lugonu
   548 | D:1      | Reached XP level 3. HP: 29/29 MP: 4/4
  1158 | D:2      | Found a white marble altar of Elyvilon.
  1159 | D:2      | Found a shimmering altar of Xom.
  1340 | D:2      | Reached skill level 1 in Shields
  1340 | D:2      | Reached XP level 4. HP: 25/37 MP: 6/6
  1413 | D:2      | Found a sparkling altar of Nemelex Xobeh.
  1541 | D:2      | Slain by a gnoll

Levels and vault maps discovered:
D:1:      evilmike_arrival_hilbert_curve, layout_basic, chequers_arboretum
D:2:      layout_basic, gammafunk_temple_overflow_pools,
          nemelex_dance_club_becter

Skill      XL: |  1  2  3  4 |
---------------+-------------+-----
Dodging        | 1 |  1.7
Shields        | 1 |  1.2
Invocations    | 3 |  3.0
Fighting       | |  3.8
Polearms       | |  2.6
Armour         | |  2.8

Action                   |  1- 3 |  4- 6 || total
-------------------------+-------+-------++-------
Melee: Spear             |   114 |    40 ||   154
Invok: Depart the Abyss  |     1 |       ||     1
  Eat: Chunk             |     1 |     1 ||     2
Armor: Leather armour    |     7 |       ||     7
       Chain mail        |    21 |    15 ||    36
Dodge: Dodged            |    27 |    12 ||    39
Block: Buckler           |     6 |     5 ||    11

Table legend:
 A = Non-vault XP
 B = Vault XP
 C = Vault XP percentage of total XP
 D = Non-vault monster count
 E = Vault monster count
 F = Vault count percentage of total count
                 A         B        C        D         E       F
            +---------+---------+-------+---------+---------+-------
      Total |     114 |      10 |   8.1 |      29 |       2 |   6.5
            +---------+---------+-------+---------+---------+-------
        D:1 |      39 |       0 |   0.0 |      14 |       0 |   0.0
        D:2 |      75 |      10 |  11.8 |      15 |       2 |  11.8
            +---------+---------+-------+---------+---------+-------
